Map: Ice and Chrome LE

Players

TheHH - Winner!

  • Race: Zerg Zerg
  • League: Diamond
  • Spawn Location: 1:00

Zaechus

  • Race: Protoss Protoss
  • League: Diamond
  • Spawn Location: 7:00

VOD

Have the link to the VOD?

Description

Time

  • Played on: Aug. 4, 2020, 6:01 p.m.
  • Length: 10:02
Show
View Real Time Build Order
Export as new Build Order

TheHH Zerg - Winner!

Build Orders: Hatch First, Roach Hydra 

Get SALT Encoding   

  12  0:00  Drone  
  13  0:12  Overlord  
  13  0:19  Drone  
  14  0:31  Drone x2  
  16  0:38  Drone  
  17  0:54  Hatchery  
  17  0:56  Drone  
  17  1:00  Drone  
  18  1:04  Extractor  
  18  1:09  Drone  
  18  1:18  Spawning Pool  
  17  1:21  Drone  
  18  1:28  Drone  
  19  1:39  Drone  
  20  1:50  Hatchery  
  19  2:06  Queen  
  19  2:08  Queen  
  23  2:14  Overlord  
  23  2:17  Drone  
  23  2:20  Drone  
  25  2:26  Metabolic Boost  
  25  2:30  Zergling x2  
  25  2:33  Zergling x2  
  27  2:39  Overlord  
  27  2:43  Drone  
  28  2:50  Queen  
  30  2:53  Drone  
  30  2:56  Drone  
  32  3:01  Overlord  
  32  3:09  Queen  
  34  3:18  Drone x3  
  34  3:19  Drone  
  38  3:24  Pneumatized Carapace  
  39  3:27  Drone  
  39  3:33  Queen  
  41  3:41  Drone x3  
  44  3:42  Drone  
  44  3:45  Drone  
  44  3:46  Drone  
  47  3:50  Overlord  
  47  3:53  Drone  
  47  3:54  Drone  
  49  3:56  Drone  
  49  3:58  Drone  
  51  4:04  Zergling x4  
  51  4:05  Zergling x2  
  51  4:09  Roach Warren  
  53  4:13  Zergling x4  
  53  4:15  Zergling x4  
  53  4:17  Zergling x2  
  58  4:20  Queen  
  60  4:39  Zergling x4  
  60  4:41  Zergling x2, Drone x3  
  66  4:51  Overlord  
  66  4:52  Overlord  
  66  4:59  Lair  
  66  5:01  Extractor  
  66  5:03  Overlord  
  66  5:04  Drone  
  66  5:07  Overlord  
  66  5:10  Drone x4  
  66  5:11  Drone x4  
  74  5:16  Hatchery, Drone  
  74  5:17  Drone x2  
  74  5:20  Drone  
  75  5:22  Drone  
  75  5:26  Queen  
  78  5:28  Spore Crawler  
  78  5:30  Spore Crawler  
  78  5:34  Overlord x2  
  76  5:37  Drone x2  
  76  5:41  Extractor x2  
  76  5:46  Spore Crawler  
  76  5:47  Overlord  
  76  5:48  Drone x3  
  76  5:49  Drone x2  
  76  5:55  Spore Crawler  
  76  5:56  Zergling x2  
  72  6:01  Spore Crawler  
  75  6:04  Hydralisk Den, Roach x2  
  74  6:20  Overlord  
  74  6:22  Drone  
  74  6:23  Drone x6  
  81  6:28  Overlord  
  81  6:31  Extractor x2  
  79  6:36  Hydralisk x5  
  79  6:37  Hydralisk x2  
  93  6:44  Grooved Spines  
  93  6:45  Overlord x2  
  93  6:51  Evolution Chamber x2  
  93  6:53  Glial Reconstitution  
  91  7:03  Spore Crawler  
  91  7:04  Overlord, Queen  
  91  7:05  Drone x2  
  91  7:06  Spine Crawler, Spore Crawler, Drone x4  
  96  7:08  Drone  
  96  7:09  Drone  
  96  7:11  Hydralisk  
  96  7:15  Hydralisk  
  100  7:18  Hydralisk  
  100  7:21  Hydralisk  
  106  7:23  Hydralisk  
  106  7:28  Hydralisk  
  106  7:29  Hydralisk  
  110  7:32  Hydralisk  
  110  7:37  Overlord  
  114  7:38  Overseer  
  114  7:41  Zerg Missile Weapons Level 1  
  114  7:42  Zerg Ground Armor Level 1  
  114  7:53  Overlord x2  
  114  7:54  Drone x3  
  114  7:56  Muscular Augments  
  117  8:04  Hydralisk, Overlord  
  117  8:05  Hydralisk x2  
  123  8:08  Hydralisk, Spore Crawler  
  123  8:09  Hydralisk  
  126  8:13  Hydralisk  
  126  8:14  Extractor x2  
  126  8:18  Hydralisk  
  126  8:19  Hydralisk  
  130  8:23  Hydralisk x2  
  130  8:26  Hydralisk  
  134  8:31  Roach x2  
  134  8:32  Roach  
  144  8:34  Roach  
  144  8:35  Overlord  
  144  8:38  Roach  
  146  8:46  Drone  
  146  8:47  Drone x6  
  153  8:50  Overlord  
  153  8:52  Roach  
  155  8:57  Spire  
  155  8:59  Roach  
  156  9:06  Hydralisk  
  156  9:07  Roach  
  156  9:08  Nydus Network  
  159  9:15  Hydralisk  
  159  9:16  Roach x3  
  166  9:18  Roach  
  166  9:22  Hydralisk, Roach  
  171  9:27  Drone x3  
  171  9:28  Roach  
  176  9:32  Hydralisk  
  176  9:33  Roach  
  176  9:34  Ravager x3  
  176  9:35  Ravager x2  
  176  9:36  Ravager  
  186  9:39  Roach x2  
  186  9:41  Roach  
Show
View Real Time Build Order
Export as new Build Order

Zaechus Protoss 

Build Orders: 1 Gate Expand, Chargelot Immortal 

Get SALT Encoding   

  12  0:00  Probe  
  13  0:12  Probe  
  14  0:21  Pylon  
  14  0:24  Probe  
  15  0:39  Gateway  
  15  0:41  Probe (Chrono Boost)  
  16  0:44  Assimilator  
  17  0:50  Probe (Chrono Boost)  
  17  0:55  Probe (Chrono Boost)  
  18  1:07  Probe  
  19  1:19  Probe  
  20  1:26  Nexus  
  20  1:38  Cybernetics Core  
  20  1:41  Probe  
  21  1:48  Assimilator  
  21  1:53  Probe  
  22  1:57  Pylon  
  22  2:05  Probe  
  23  2:12  Stalker (Chrono Boost)  
  23  2:13  Probe  
  25  2:18  Warp Gate  
  25  2:21  Probe  
  26  2:29  Twilight Council  
  27  2:31  Probe  
  28  2:39  Probe  
  28  2:41  Adept  
  28  2:43  Probe  
  32  2:52  Probe  
  32  2:57  Gateway  
  33  2:59  Resonating Glaives (Chrono Boost)  
  33  3:04  Probe  
  34  3:10  Gateway  
  34  3:12  Probe  
  35  3:16  Probe  
  35  3:19  Adept  
  38  3:29  Shield Battery, Probe  
  38  3:30  Probe  
  40  3:36  Pylon  
  40  3:41  Probe  
  41  3:42  Probe  
  41  3:43  Pylon  
  42  3:53  Probe  
  42  3:54  Probe  
  44  4:05  Probe  
  44  4:06  Probe  
  44  4:08  Adept x3  
  52  4:17  Probe  
  52  4:18  Probe  
  54  4:28  Stargate  
  54  4:30  Stargate  
  54  4:32  Assimilator, Probe  
  54  4:34  Nexus  
  54  4:37  Assimilator  
  49  4:50  Sentry x2, Zealot  
  51  4:53  Probe x2  
  53  5:04  Robotics Facility  
  53  5:05  Probe x2  
  55  5:07  Pylon  
  55  5:14  Void Ray  
  55  5:17  Probe  
  60  5:24  Adept  
  60  5:26  Probe  
  60  5:27  Adept x2  
  67  5:29  Probe  
  68  5:38  Probe  
  68  5:41  Probe  
  70  5:43  Charge  
  70  5:53  Probe x2  
  70  6:11  Nexus  
  70  6:15  Pylon  
  70  6:17  Pylon  
  70  6:18  Protoss Air Weapons Level 1 (Chrono Boost)  
  70  6:25  Pylon  
  70  6:31  Pylon  
  70  6:33  Immortal, Phoenix, Probe x2  
  70  6:35  Phoenix  
  80  6:42  Gateway  
  80  6:44  Gateway  
  80  6:45  Probe x2 (Chrono Boost)  
  80  6:46  Gateway  
  82  6:48  Pylon  
  82  6:54  Sentry  
  82  6:55  Sentry x2  
  82  6:57  Probe x2 (Chrono Boost)  
  82  7:01  Phoenix  
  92  7:12  Immortal, Probe x2  
  92  7:14  Assimilator  
  98  7:18  Assimilator  
  98  7:20  Pylon  
  98  7:21  Phoenix  
  100  7:24  Probe x2  
  102  7:32  Phoenix  
  102  7:36  Probe  
  102  7:37  Probe  
  106  7:43  Zealot x2  
  110  7:45  Zealot  
  110  7:46  Phoenix  
  114  7:57  Immortal, Phoenix  
  120  8:03  Probe x2 (Chrono Boost)  
  120  8:04  Probe (Chrono Boost)  
  125  8:14  Probe x2 (Chrono Boost)  
  125  8:15  Probe (Chrono Boost)  
  125  8:19  Probe x3 (Chrono Boost)  
  126  8:25  Pylon  
  126  8:26  Phoenix  
  131  8:27  Pylon  
  131  8:29  Probe x2  
  133  8:36  Fleet Beacon  
  133  8:38  Templar Archives  
  133  8:41  Forge  
  133  8:43  Immortal, Probe  
  138  8:50  Nexus  
  138  9:00  Pylon  
  138  9:03  Gateway  
  138  9:06  Gateway  
  138  9:09  Gateway  
  138  9:11  Gateway, Probe  
  138  9:12  Probe  
  138  9:13  Pylon  
  138  9:16  Zealot x4  
  148  9:27  Assimilator  
  148  9:31  Assimilator  
  148  9:39  Stalker x5  
  118  9:54  Zealot  
Tags
 
Add a new tag
Caveats
  • Supply blocks, unpowered buildings, or Contaminate may cause inaccurate times.
  • Supply counts are checked every 10 seconds.